AoeStats
← paulsolleron

Arabia

509078748Analyzed
1v1 RM · 8d ago on Sep 25, 2026· 65m 38s· 2 players
Game mode
Random Map
Map size
Tiny (2 player)
Population
200
Speed
Normal
Resources
Standard
Victory
Conquest
Starting age
Dark Age
Ending age
Imperial Age
RankedLock teamsTeams togetherTeam positionsShared explorationLock speedFull tech treeHidden civsTurbo modeCheats
Victory
Defeat
🇨🇳 Mongols · China
1011
+17
🇹🇭 Varangians · Thailand
1041
-17
paulsolleron
6:12 Loom
8:27 Feudal Age
9:24 Double-Bit Axe
9:50 Horse Collar
21:12 Castle Age
19:36 Gold Mining
21:55 Wheelbarrow
22:41 Bow Saw
22:33 Heavy Plow
22:44 Husbandry
22:58 Bloodlines
23:24 Fletching
27:56 Bodkin Arrow
33:14 Scale Barding Armor
35:26 Forging
35:17 Scale Mail Armor
38:06 Padded Archer Armor
38:29 Chain Barding Armor
42:38 Imperial Age
40:25 Hand Cart
39:56 Town Watch
40:29 Thumb Ring
45:18 Imperial Age
42:23 Light Cavalry
43:08 Stone Mining
48:56 Parthian Tactics
50:00 Heavy Cavalry Archer
55:53 Leather Archer Armor
56:26 Ballistics
59:08 Bracer
60:11 Chemistry
59:23 Masonry
61:23 Hussar
Minotan
6:17 Loom
9:19 Feudal Age
11:09 Double-Bit Axe
16:52 Bloodlines
20:46 Castle Age
20:07 Bloodlines
20:05 Scale Barding Armor
22:03 Bow Saw
21:43 Horse Collar
28:44 Fletching
29:26 Bodkin Arrow
32:34 Chain Barding Armor
34:14 Gold Mining
37:33 Wheelbarrow
40:51 Imperial Age
40:28 Forging
41:36 Cavalier
45:49 Padded Archer Armor
45:11 Elite Skirmisher
54:49 Leather Archer Armor
57:53 Plate Barding Armor
66:01 Bracer
Connection lost

Rejoining the realm…

Still unreachable

The connection could not be restored.

Session expired

The server has moved on; the page needs a fresh start.